 Dungeon Crawl Stone Soup version 0.29-a0-872-g797fff5ad1 (webtiles) character file.

Game seed: 8503566603964131639

342 Ijustatesigmund the Digger (level 6, -3/39 HPs)
             Began as an Octopode Earth Elementalist on July 19, 2022.
             Slain by an orc
             ... wielding a +2 hand axe of electrocution
              (9 damage)
             ... on level 4 of the Dungeon.
             The game lasted 00:09:10 (4321 turns).

Ijustatesigmund the Digger (OpEE)                   Turns: 4321, Time: 00:09:10

Health: -3/39      AC:  1    Str:  8    XL:     6   Next: 57%
Magic:  1/9        EV: 13    Int: 19    God:
Gold:   63         SH:  0    Dex: 12    Spells: 3/9 levels left

rFire   . . .      SeeInvis .   b - +0 dagger (venom)
rCold   . . .      Faith    .   (no shield)
rNeg    . . .      Spirit   .   (helmet restricted)
rPois   .          Reflect  .   (no amulet)
rElec   .          Harm     .   (no ring)
rCorr   .          Rampage  .   (no ring)
Will    .....                   (no ring)
Stlth   +++.......              (no ring)
HPRegen 0.13/turn               (no ring)
MPRegen 0.11/turn               (no ring)
                                (no ring)
                                (no ring)

@: weakened
A: almost no armour, amphibious, 8 rings, camouflage 1, gelatinous body 1,
(nimble swimmer 1), tentacles
a: no special abilities


You were on level 4 of the Dungeon.
You visited 1 branch of the dungeon, and saw 4 of its levels.

You collected 138 gold pieces.
You spent 75 gold pieces at shops.

Inventory:

Hand Weapons
 b - a +0 dagger of venom (weapon)
Wands
 d - a wand of polymorph (9)
Scrolls
 c - 4 scrolls of fear
Potions
 a - a potion of magic
 e - a potion of lignification
 f - a potion of heal wounds {unknown}
 g - a potion of curing {unknown}
 h - a potion of attraction {unknown}
 i - a potion of ambrosia
 j - 2 potions of berserk rage {unknown}


   Skills:
 - Level 2.0 Fighting
 - Level 3.0 Dodging
 - Level 2.6 Stealth
 + Level 2.2 Spellcasting
 + Level 3.6 Conjurations
 - Level 2.5 Transmutations
 - Level 4.0 Earth Magic


You had 3 spell levels left.
You knew the following spells:

 Your Spells              Type           Power      Damage    Failure   Level
a - Sandblast             Erth           34%        2d9       3%          1
b - Stone Arrow           Conj/Erth      32%        3d9       11%         3
c - Passwall              Tmut/Erth      11%        N/A       6%          2

Your spell library contained the following spells:

 Spells                   Type           Power      Damage    Failure   Level
 Call Canine Familiar     Summ           2%         N/A       45%         3
 Gell's Gravitas          Tloc           2%         N/A       45%         3
 Lesser Beckoning         Tloc           2%         N/A       45%         3
 Portal Projectile        Hex/Tloc       4%         N/A       45%         3
 Teleport Other           Tloc           2%         N/A       45%         3
 Petrify                  Tmut/Erth      14%        N/A       38%         4
 Leda's Liquefaction      Hex/Erth       4%         N/A       56%         4


Dungeon Overview and Level Annotations

Branches:
Dungeon (4/15)
 Temple: D:4-7

Altars:

Shops:
D:3 *


Innate Abilities, Weirdness & Mutations

You cannot wear most types of armour.
You are amphibious.
You can wear up to eight rings at the same time.
Your skin changes colour to match your surroundings (Stealth+).
Your rubbery body absorbs attacks. (AC +1, EV +1)
((You are camouflaged when in or above water. (Stealth+)))
You have tentacles for arms and can constrict up to eight enemies at once.


Message History

A gnoll bouda is nearby!
Casting: Stone Arrow (dangerous; 11% risk of failure)
Confirm with . or Enter, or press ? or * to list all spells.
Aiming: Stone Arrow (dangerous; 11% risk of failure)
Press: ? - help, Shift-Dir - straight line, f - gnoll bouda
Aim: a gnoll bouda, wielding a +0 club and wearing a +0 robe (wandering, hasn't noticed you, 72% to hit)
The stone arrow hits the gnoll bouda!
The gnoll bouda is almost dead.
You hear a shout!
The gnoll bouda barks out a call to the hunt!
Casting: Stone Arrow (dangerous; 11% risk of failure)
Confirm with . or Enter, or press ? or * to list all spells.
Aiming: Sandblast (safe; 3% risk of failure)
Press: ? - help, Shift-Dir - straight line, f/p - gnoll bouda
Aim: a gnoll bouda, wielding a +0 club and wearing a +0 robe (almost dead, 82% to hit)
The blast of sand hits the gnoll bouda.
The gnoll bouda is almost dead.
The gnoll bouda gazes fiercely through you!
You feel your attacks grow feeble.
The gnoll bouda hits you with a +0 club!
Casting: Sandblast (safe; 3% risk of failure)
Confirm with . or Enter, or press ? or * to list all spells.
Aiming: Sandblast (safe; 3% risk of failure)
Press: ? - help, Shift-Dir - straight line, f/p - gnoll bouda
Aim: a gnoll bouda, wielding a +0 club and wearing a +0 robe (almost dead, 82% to hit)
The blast of sand hits the gnoll bouda!
You kill the gnoll bouda!
The gnoll hits you from afar with a +0 spear!
The orc hits you with a +2 hand axe of electrocution.
You are electrocuted!
* * * LOW HITPOINT WARNING * * *
Things that are here:
a +0 spear; a +0 halberd; a gnoll skeleton The orc attacks as you move away!
The orc hits you with a +2 hand axe of electrocution.
* * * LOW HITPOINT WARNING * * *
There is a stone staircase leading up, spattered with blood here.
The gnoll misses you.
The orc hits you with a +2 hand axe of electrocution!
You die...

.##..##.
##..g.#..#
#..$.#...
#...#..#
#..#...##.
#.#g....g.
#.)#
##########)#
.......@og.#
##########)#
##.## #
######.>.#.#
#........#.#
##.##.......#
............#
#####.......#
###...### #


You could see a gnoll (swift) and an orc.

Vanquished Creatures
  An orc priest (D:3)
  A gnoll bouda (D:4)
  Robin (D:2)
  14 gnolls
  3 adders
  A worm (D:2)
  2 dart slugs
  7 orcs (D:3)
  5 endoplasms
  3 giant cockroaches
  11 goblins
  9 hobgoblins
  4 jackals (D:2)
  6 quokkas
  8 ball pythons
  11 bats
  5 frilled lizards
  4 kobolds
  5 rats
101 creatures vanquished.

Notes
Turn   | Place    | Note
-------+----------+-------------------------------------------
     0 | D:1      | Ijustatesigmund the Octopode Earth Elementalist began the
                  | quest for the Orb.
     0 | D:1      | Reached XP level 1. HP: 11/11 MP: 3/3
   165 | D:1      | Reached XP level 2. HP: 12/17 MP: 5/5
   275 | D:1      | Reached XP level 3. HP: 9/21 MP: 0/6
  1021 | D:1      | Learned a level 3 spell: Stone Arrow
  1024 | D:1      | Learned a level 2 spell: Passwall
  1150 | D:2      | Reached skill level 4 in Earth Magic
  1150 | D:2      | Reached XP level 4. HP: 27/27 MP: 4/7
  1385 | D:2      | Reached skill level 1 in Conjurations
  1571 | D:2      | Noticed Robin
  1600 | D:2      | Killed Robin
  2231 | D:2      | Found a faded altar of an unknown god.
  2243 | D:2      | Reached XP level 5. HP: 31/31 MP: 6/8
  2872 | D:3      | Reached skill level 1 in Fighting
  3353 | D:3      | Reached XP level 6. HP: 3/39 MP: 4/9
  3612 | D:3      | Found Gecwapp's Assorted Antiques.
  3618 | D:3      | Bought a scroll labelled INO NIAZUIR for 25 gold pieces
  3618 | D:3      | Bought a scroll of identify for 50 gold pieces
  4321 | D:4      | Slain by an orc

Illustrated notes

Levels and vault maps discovered:
D:1:      giann_wishing_wells, layout_basic
D:2:      minmay_spotlight, layout_loops_ring, basic_ecumenical_altar,
          serial_bayou_pond_d, uniq_robin
D:3:      layout_rooms, serial_shops, shop_statue, minmay_misc_feat_tiny
D:4:      layout_loops_ring, nicolae_overflow_hidden_temple,
          mainiacjoe_overflow_24_doors, minivault_19, minivault_26

Skill      XL: |  1  2  3  4  5  6 |
---------------+-------------------+-----
Transmutations | 2 |  2.5
Earth Magic    | 4 |  4.0
Conjurations   | 2 3 |  3.6
Fighting       | 1 2 |  2.0
Dodging        | 3 |  3.0
Stealth        | |  2.6
Spellcasting   | |  2.2

Action                   |  1- 3 |  4- 6 || total
-------------------------+-------+-------++-------
Melee: Unarmed           |    12 |       ||    12
       Constrict         |     6 |    16 ||    22
       Tentacles         |     3 |    13 ||    16
       Spear             |    13 |    22 ||    35
       Punch             |     1 |     2 ||     3
       Dagger            |       |    23 ||    23
 Cast: Sandblast         |    34 |    79 ||   113
       Stone Arrow       |       |    15 ||    15
  Use: Scroll            |       |     5 ||     5
       Potion            |       |     1 ||     1
 Stab: Sleeping          |     2 |     1 ||     3
Armor: Skin              |     4 |     1 ||     5
Dodge: Dodged            |    33 |    72 ||   105

Table legend: (Time is in decaauts)
 A = Elapsed time spent in this place.
 B = Non-inter-level travel time spent in this place.
 C = Inter-level travel time spent in this place.
 D = Time resting spent in this place.
 E = Time spent auto-exploring this place.
 F = Levels seen in this place.
 G = Mean time per level.
                   A        B        C        D        E       F      G
               +--------+--------+--------+--------+--------+-----+--------+
         Total |   4439 |   4329 |    110 |   1626 |   2096 |   4 | 1109.8 |
       Dungeon |   4439 |   4329 |    110 |   1626 |   2096 |   4 | 1109.8 |
               +--------+--------+--------+--------+--------+-----+--------+

Top non-repeatable levels by time:
     D:3: 1771 daAuts
     D:2: 1367 daAuts
     D:1: 1147 daAuts
     D:4: 153 daAuts
